 Dungeon Crawl Stone Soup version 0.28-a0-390-gb254ac4902 (webtiles) character file.

Game seed: 9714720850585065912

154 Willakers the Skirmisher (level 5, -9/47 HPs)
             Began as a Minotaur Fighter on Sept 3, 2021.
             Was an Initiate of Ru.
             Killed by divine providence
             ... invoked by an orc priest
              (11 damage)
             ... on level 4 of the Dungeon.
             The game lasted 00:22:17 (2810 turns).

Willakers the Skirmisher (Minotaur Fighter)         Turns: 2810, Time: 00:22:17

Health: -9/47      AC:  7    Str: 20    XL:     5   Next: 13%
Magic:  4/4        EV: 10    Int:  5    God:    Ru [......]
Gold:   134        SH:  5    Dex: 17    Spells: 4/4 levels left

rFire   + + .      SeeInvis .   y - +1 flail (drain)
rCold   x . .      Faith    .   c - +0 buckler
rNeg    . . .      Spirit   .   s - +1 ring mail {rF+}
rPois   .          Reflect  .   (helmet restricted)
rElec   .          Harm     .   (no cloak)
rCorr   .          Rampage  .   (no gloves)
Will    .....                   (no boots)
Stlth   +.........              (no amulet)
HPRegen 0.15/turn               f - ring of fire
MPRegen 0.09/turn               t - +6 ring of dexterity

@: no status effects
A: horns 2, retaliatory headbutt
a: Renounce Religion, Sacrifice Drink, Sacrifice Durability, Sacrifice a Hand,
Reject Sacrifices


You were on level 4 of the Dungeon.
You worshipped Ru.
Ru was noncommittal.
You visited 1 branch of the dungeon, and saw 4 of its levels.

You collected 148 gold pieces.
You donated 14 gold pieces to Zin.

Inventory:

Hand Weapons
 a - a +0 war axe
 i - a +0 spear
 j - a +0 whip
 m - a +0 short sword
 w - a +0 short sword of holy wrath
 y - a +1 flail of draining (weapon)
 D - a +0 dagger of venom
Missiles
 h - 59 arrows
 k - 77 stones (quivered)
 l - 7 boomerangs
 p - 52 bolts
Armour
 b - a +0 scale mail
 c - a +0 buckler (worn)
 e - a +0 leather armour
 g - a +0 leather armour
 n - a +0 scale mail
 s - a +1 ring mail of fire resistance (worn)
Jewellery
 f - a ring of fire (left hand)
 t - a +6 ring of dexterity (right hand)
 v - a ring of flight
Scrolls
 d - 2 scrolls of enchant weapon {unknown}
 r - a scroll of blinking {unknown}
 u - a scroll of identify {unknown}
 x - 4 scrolls of teleportation {unknown}
 z - a scroll of torment {unknown}
 C - a scroll of noise {unknown}
Potions
 q - a potion of cancellation
 A - a potion of attraction {unknown}
 B - a potion of degeneration {unknown}


   Skills:
 + Level 4.7 Fighting
 - Level 3.1(3.6) Axes
 * Level 2.4(3.2) Maces & Flails
 + Level 4.6 Armour
 + Level 4.5 Shields


You had 4 spell levels left.
You didn't know any spells.
Your spell library was empty.

Dungeon Overview and Level Annotations

Branches:
Dungeon (4/15)
 Temple: D:4-7

Altars:
Hepliaklqana
Ru
Zin

Shops:
D:2 =


Innate Abilities, Weirdness & Mutations

You have a pair of horns on your head.
You reflexively headbutt those who attack you in melee.


Message History

* * * LOW HITPOINT WARNING * * *
You block the orc wizard's attack.
The orc priest hits you with a +0 flail.
* * * LOW HITPOINT WARNING * * *
You feel better.
The orc wizard points at you and mumbles some strange words.
You resist with some effort.
The orc priest hits you with a +0 flail.
You hit the orc wizard. Your headbutt misses the orc wizard.
The orc wizard is moderately wounded.
The orc priest begins to cast a cantrip, but forgets the words!
The orc wizard gestures at you while chanting.
You resist with some effort.
You closely miss the orc wizard.
The orc wizard is moderately wounded.
You block the orc priest's attack. You block the orc wizard's attack.
You hit the orc wizard but do no damage.
You drain the orc wizard. Your headbutt misses the orc wizard.
The orc wizard is moderately wounded.
The orc priest closely misses you. You furiously retaliate!
You headbutt the orc priest.
The orc wizard hits you with a +0 dagger.
* * * LOW HITPOINT WARNING * * *
You miss the orc wizard. You headbutt the orc wizard.
The orc wizard is severely wounded.
The orc wizard hits you with a +0 dagger.
* * * LOW HITPOINT WARNING * * *
You block the orc priest's attack.
You closely miss the orc wizard. You headbutt the orc wizard.
You kill the orc wizard!
The orc priest misses you.
The orc priest invokes the aid of Beogh against you.
Beogh smites you!
* * * LOW HITPOINT WARNING * * *
You have reached level 5!
Okay, then.
It was a potion of cancellation.
You feel magically purged.
The orc priest invokes the aid of Beogh against you.
Beogh smites you!
You die...

#......# #......#
#......#
#.##########......#
#.........##....>.#
#...<..##......#
#.....†#.......#
#......#.#'#####
#......#.#...@)#
#........#####o#
#......### g..
#####... ##...
###.# ..#.# .# .# .
.# # ##


You could see an orc priest and a goblin.

Vanquished Creatures
  An orc priest (D:3)
  An orc wizard (D:4)
  2 adders
  A worm (D:3)
  A dart slug (D:2)
  11 orcs
  5 ball pythons
  4 endoplasms
  2 giant cockroaches (D:2)
  7 hobgoblins
  6 jackals
  3 quokkas
  4 bats
  5 frilled lizards
  4 goblins
  3 kobolds
  3 rats
63 creatures vanquished.

Vanquished Creatures (others)
  A plant (D:3)
1 creature vanquished.

Grand Total: 64 creatures vanquished

Notes
Turn   | Place    | Note
-------+----------+-------------------------------------------
     0 | D:1      | Willakers the Minotaur Fighter began the quest for the Orb.
     0 | D:1      | Reached XP level 1. HP: 19/19 MP: 0/0
   304 | D:1      | Found a faded altar of an unknown god.
   637 | D:1      | Reached XP level 2. HP: 26/27 MP: 1/1
  1168 | D:2      | Reached XP level 3. HP: 17/33 MP: 2/2
  1669 | D:2      | Found Quigucaw's Jewellery Shoppe.
  2105 | D:3      | Found a glowing silver altar of Zin.
  2129 | D:3      | Reached XP level 4. HP: 35/40 MP: 3/3
  2133 | D:3      | Reached skill level 1 in Maces & Flails
  2154 | D:3      | Became a worshipper of Zin the Law-Giver
  2154 | D:3      | Reached * piety under Zin
  2220 | D:3      | Was placed under penance by Zin
  2325 | D:3      | Was forgiven by Zin
  2332 | D:3      | Was placed under penance by Zin
  2476 | D:3      | Found a faded altar of an unknown god.
  2476 | D:3      | Found a faded altar of an unknown god.
  2478 | D:3      | Found a hazy altar of Hepliaklqana.
  2486 | D:3      | Fell from the grace of Zin
  2486 | D:3      | Became a worshipper of Ru the Awakened
  2809 | D:4      | HP: 1/41 [orc priest/divine providence (10)]
  2810 | D:4      | Reached XP level 5. HP: 2/47 MP: 4/4
  2810 | D:4      | Killed from afar by an orc priest

Illustrated notes

Levels and vault maps discovered:
D:1:      amcnicky_arrival_feature_with_door, layout_basic,
          hellmonk_ecumenical_altar_zigzags
D:2:      layout_basic, serial_shops, shop
D:3:      layout_loops_ring, overflow_temple_1_default,
          nicolae_hepliaklqana_ecumenical_no_more
D:4:      cheibrodos_barr_body, layout_basic, makhleb_heckhound_becter,
          nicolae_ossuary_entry_catacombs

Skill      XL: |  1  2  3  4 |
---------------+-------------+-----
Shields        | 4 |  4.5
Armour         | 4 |  4.6
Fighting       | 4 |  4.7
Axes           | 3 |  3.1
Maces & Flails | 2 |  2.4

Action                   |  1- 3 |  4- 6 || total
-------------------------+-------+-------++-------
Melee: War axe           |    80 |       ||    80
       Headbutt          |    12 |    14 ||    26
       Flail             |     5 |    43 ||    48
Throw: Boomerang         |     7 |       ||     7
  Use: Potion            |     1 |     3 ||     4
Armor: Scale mail        |    21 |       ||    21
       Ring mail         |     9 |    10 ||    19
Dodge: Dodged            |    33 |    20 ||    53
Block: Buckler           |    18 |    14 ||    32

Table legend: (Time is in decaauts)
 A = Elapsed time spent in this place.
 B = Non-inter-level travel time spent in this place.
 C = Inter-level travel time spent in this place.
 D = Time resting spent in this place.
 E = Time spent auto-exploring this place.
 F = Levels seen in this place.
 G = Mean time per level.
                   A        B        C        D        E       F      G
               +--------+--------+--------+--------+--------+-----+--------+
         Total |   2851 |   2825 |     26 |      5 |   1757 |   4 |  712.8 |
       Dungeon |   2851 |   2825 |     26 |      5 |   1757 |   4 |  712.8 |
               +--------+--------+--------+--------+--------+-----+--------+

Top non-repeatable levels by time:
     D:3: 998 daAuts
     D:1: 957 daAuts
     D:2: 861 daAuts
     D:4: 34 daAuts
